 Dungeon Crawl Stone Soup version 0.28-a0-241-gfbb0926a3a (webtiles) character file.

Game seed: 13674015429556169707

8 Malachi the Insei (level 2, 13/17 (18) HPs)
             Began as an Octopode Transmuter on Aug 24, 2021.
             Was a Follower of Yredelemnul.
             Got out of the dungeon alive.
             The game lasted 00:00:38 (349 turns).

Malachi the Insei (Octopode Transmuter)              Turns: 349, Time: 00:00:38

HP:   13/17 (18)    AC:  1    Str:  9    XL:     2   Next: 8%
MP:   5/5           EV: 13    Int: 15    God:    Yredelemnul [*.....]
Gold: 19            SH:  0    Dex: 12    Spells: 4/5 levels left

rFire   . . .      SeeInvis .   c - +1 dagger (drain)
rCold   . . .      Faith    .   (no shield)
rNeg    . . .      Spirit   .   (helmet restricted)
rPois   .          Reflect  .   (no amulet)
rElec   .          Harm     .   (no ring)
rCorr   .          Rampage  .   (no ring)
Will    .....                   (no ring)
Stlth   ++........              (no ring)
HPRegen 0.05/turn               (no ring)
MPRegen 0.09/turn               (no ring)
                                (no ring)
                                (no ring)

@: drained
A: almost no armour, amphibious, 8 rings, camouflage 1, gelatinous body 1,
(nimble swimmer 1), tentacles
a: Renounce Religion, Animate Remains


You escaped.
You worshipped Yredelemnul.
Yredelemnul was aware of your devotion.
You visited 1 branch of the dungeon, and saw 1 of its levels.

You collected 19 gold pieces.

Inventory:

Hand Weapons
 c - a +1 dagger of draining (weapon)
Scrolls
 a - a scroll of identify {unknown}
 b - a scroll of enchant armour {unknown}


   Skills:
 + Level 1.0 Fighting
 + Level 2.0 Dodging
 + Level 3.2 Unarmed Combat
 + Level 2.0 Spellcasting
 * Level 2.2 Transmutations


You had 4 spell levels left.
You knew the following spells:

 Your Spells              Type           Power      Damage    Failure   Level
a - Beastly Appendage     Tmut           16%        N/A       9%          1

Your spell library contained the following spells:

 Spells                   Type           Power      Damage    Failure   Level
 Wereblood                Tmut           8%         N/A       13%         2
 Spider Form              Tmut/Pois      2%         N/A       38%         3
 Ice Form                 Ice/Tmut       4%         N/A       80%         4


Dungeon Overview and Level Annotations

Branches:
Dungeon (1/15)

Altars:
Yredelemnul


Innate Abilities, Weirdness & Mutations

You cannot wear most types of armour.
You are amphibious.
You can wear up to eight rings at the same time.
Your skin changes colour to match your surroundings (Stealth+).
Your rubbery body absorbs attacks. (AC +1, EV +1)
((You are camouflaged near water. (Stealth+)))
You have tentacles for arms and can constrict up to eight enemies at once.


Message History

You barely miss the kobold. You grab the kobold.
You constrict the kobold, but do no damage.
You tentacle-slap the kobold.
The kobold is severely wounded.
You constrict the kobold.
You kill the kobold!
Your magical contamination has completely faded away.
You have reached level 2!
Things that are here:
a +1 dagger of draining; a stone; a kobold corpse
c - a +1 dagger of draining You sense an unholy aura.
c - a +1 dagger of draining (weapon)
There is a faded altar of an unknown god here.
You see here a -1 dagger.
You cannot tell which god this altar belongs to.
Convert to them anyway?
Yredelemnul accepts your prayer! Yredelemnul welcomes you!
You can now animate remains.
Unknown command.
Press < or > to pray at altars.
Unknown command.
Press < or > to pray at altars.
Unknown command.
Press < or > to pray at altars.
A quokka comes into view.
You see here 8 gold pieces.
The helpless quokka fails to defend itself.
You hit the quokka. You drain the quokka.
You kill the quokka!
Yredelemnul accepts your kill.
No target in view!
No target in view!
You now have 19 gold pieces (gained 8).
You see here a +0 whip.
There is an open door here.
There is a staircase leading out of the dungeon here.
There is a staircase leading out of the dungeon here.
Are you sure you want to leave the Dungeon?
This will make you lose the game!
You have escaped!

#.# #. #.......
#.# #.###..#####
#.# #......# #.#
######.#
####.##########.#
#≈§≈.§≈≈#.......#
+.§≈§≈≈.'.#######
#≈§....≈###
#≈≈.@.§≈#
#≈.....≈#
+.≈≈≈§≈§+
#≈≈≈.§§≈#
####.#### #.# #.#
..#


There were no monsters in sight!

Vanquished Creatures
  A giant cockroach (D:1)
  A quokka (D:1)
  A ball python (D:1)
  A frilled lizard (D:1)
  A goblin (D:1)
  3 kobolds (D:1)
  A rat (D:1)
9 creatures vanquished.

Notes
Turn   | Place    | Note
-------+----------+-------------------------------------------
     0 | D:1      | Malachi the Octopode Transmuter began the quest for the
                  | Orb.
     0 | D:1      | Reached XP level 1. HP: 13/13 MP: 3/3
   261 | D:1      | Found a faded altar of an unknown god.
   281 | D:1      | Reached XP level 2. HP: 10/17 MP: 3/5
   287 | D:1      | Became a worshipper of Yredelemnul the Dark
   287 | D:1      | Reached * piety under Yredelemnul
   349 | D:$      | Got out of the dungeon alive.

Illustrated notes

Levels and vault maps discovered:
D:1:      ncdulo_lavacross, layout_loops_ring, ebering_ecumenical_altar_rust,
          minmay_heptomino_l4

Action                   || total
-------------------------++-------
Melee: Unarmed           ||    17
       Constrict         ||     8
       Tentacles         ||     4
       Kick              ||     3
       Dagger            ||     1
 Cast: Beastly Appendage ||     2
 Stab: Sleeping          ||     1
Armor: Skin              ||     2
Dodge: Dodged            ||    12

Table legend: (Time is in decaauts)
 A = Elapsed time spent in this place.
 B = Non-inter-level travel time spent in this place.
 C = Inter-level travel time spent in this place.
 D = Time resting spent in this place.
 E = Time spent auto-exploring this place.
 F = Levels seen in this place.
 G = Mean time per level.
                   A        B        C        D        E       F      G
               +--------+--------+--------+--------+--------+-----+--------+
         Total |    347 |    309 |     38 |    201 |     35 |   1 |  347.0 |
       Dungeon |    347 |    309 |     38 |    201 |     35 |   1 |  347.0 |
               +--------+--------+--------+--------+--------+-----+--------+

Top non-repeatable levels by time:
     D:1: 347 daAuts
